 Dungeon Crawl Stone Soup version 0.30-b1-2-g02819fbbbe (webtiles) character file.

Game seed: 16238247349866463675

88 redmage the Digger (level 5, 0/38 HPs)
             Began as a Meteoran Earth Elementalist on July 27, 2023.
             Slain by an iguana (13 damage)
             ... on level 4 of the Dungeon.
             The game lasted 00:07:10 (495 turns).

redmage the Digger (Meteoran Earth Elementalist)     Turns: 495, Time: 00:07:11

Health: 0/38       AC:  3    Str:  9    XL:     5   Next: 10%
Magic:  8/10       EV: 17    Int: 18    God:
Gold:   68         SH:  0    Dex: 15    Spells: 4/10 levels left

rFire   . . .        (no weapon)
rCold   . . .        (no shield)
rNeg    . . .        a - +0 robe
rPois   .            (no helmet)
rElec   .            (no cloak)
rCorr   .            l - +0 pair of gloves
SInv    .            (no boots)
Will    .....        c - amulet of magic regeneration
Stlth   +            f - +5 ring of evasion
HPRegen 0.26/turn    (no ring)
MPRegen 0.52/turn

%: no passive effects
@: very slightly contaminated, glowing
A: sense surroundings 1, otherworldly, glowing, explore regen
a: no special abilities


You were on level 4 of the Dungeon.
You visited 1 branch of the dungeon, and saw 4 of its levels.

You collected 80 gold pieces.
You spent 12 gold pieces at shops.

Inventory:

Armour
 a - a +0 robe (worn)
 l - a +0 pair of gloves (worn)
Jewellery
 c - an amulet of magic regeneration (around neck)
 f - a +5 ring of evasion (left hand)
Scrolls
 d - 6 scrolls of identify {unknown}
 h - a scroll of vulnerability {unknown}
 m - a scroll of torment {unknown}
 n - a scroll of teleportation {unknown}
Potions
 b - a potion of magic
 e - a potion of mutation {unknown}
 g - a potion of attraction {unknown}
 i - a potion of heal wounds {unknown}
 j - a potion of brilliance {unknown}
 k - a potion of cancellation {unknown}
 o - a potion of flight {unknown}


   Skills:
 - Level 2.4 Dodging
 - Level 1.4 Stealth
 - Level 3.0 Spellcasting
 * Level 2.4 Conjurations
 - Level 2.2 Transmutations
 * Level 5.0 Earth Magic


You had 4 spell levels left.
You knew the following spells:

 Your Spells              Type           Power      Damage    Failure   Level
a - Sandblast             Erth           40%        2d10      1%          1
b - Passwall              Tmut/Erth      12%        N/A       5%          2
c - Stone Arrow           Conj/Erth      32%        3d9       11%         3

Your spell library contained the following spells:

 Spells                   Type           Power      Damage    Failure   Level
 Petrify                  Tmut/Erth      15%        N/A       36%         4


Dungeon Overview and Level Annotations

Branches:
Dungeon (4/15) Zot: 1872
 Temple: D:4-7

Altars:
Hepliaklqana
Trog
Xom
Yredelemnul

Shops:
D:2 !


Innate Abilities, Weirdness & Mutations

You passively map a small area around you.
You are easily found by Zot.
You glow in the dark.
You regain HP and MP as you explore.


Message History

The orc is lightly wounded.
The goblin barely misses you.
Unknown command.
Unknown command.
Casting: Sandblast (safe; 1% risk of failure)
Confirm with . or Enter, or press ? or * to list all spells.
Aiming: Sandblast (safe; 1% risk of failure)
Press: ? - help, Shift-Dir - straight line, f/p - orc
Aim: an orc, wielding a +0 trident and wearing a +0 chain mail (lightly wounded, 87% to hit)
The blast of sand hits the orc but does no damage.
The orc is lightly wounded.
The goblin completely misses you. The orc barely misses you.
The orc hits you with a +0 trident! The goblin hits you with a +0 club.
The iguana closely misses you.
Casting: Sandblast (safe; 1% risk of failure)
Confirm with . or Enter, or press ? or * to list all spells.
You don't know that spell.
Unknown command.
Casting: Sandblast (safe; 1% risk of failure)
Confirm with . or Enter, or press ? or * to list all spells.
Aiming: Sandblast (safe; 1% risk of failure)
Press: ? - help, Shift-Dir - straight line, f - orc wizard, p - orc
Aim: an orc wizard, wielding a +0 dagger and wearing a +0 robe (79% to hit)
The blast of sand hits the orc wizard.
The orc wizard is moderately wounded.
The goblin hits you with a +0 club. The orc wizard completely misses you.
The orc hits you with a +0 trident.
The iguana bites you but does no damage.
Unknown command.
Casting: Sandblast (safe; 1% risk of failure)
Confirm with . or Enter, or press ? or * to list all spells.
Aiming: Sandblast (safe; 1% risk of failure)
Press: ? - help, Shift-Dir - straight line, f/p - orc wizard
Aim: an orc wizard, wielding a +0 dagger and wearing a +0 robe (moderately wounded, 79% to hit)
The blast of sand hits the orc wizard!
You kill the orc wizard!
The iguana hisses menacingly.
The iguana barely misses you. The goblin hits you with a +0 club.
The orc misses you. x2; The goblin barely misses you.
The iguana bites you!
You die...

## * * .(##### ,, ,
* ....... .. ...
....... .. ,...
..... ## . ....
,?.., .#. .K... ,,
#)## ..##...##
#hg###........
##l@##........
##ooK........ ,
###......... ,
###.......... ,
###### #...#........
*
#....###.###........
#........# ###.#...#
#........#* *.....#
###....#...#* ?..#..
*


You could see an iguana, a hound, 2 orcs, a goblin and a kobold.

Vanquished Creatures
  An iguana (D:4)
  An orc wizard (D:4)
  An adder (D:2)
  3 dart slugs
  3 ball pythons (D:1)
  7 bats
  5 endoplasms
  A giant cockroach (D:1)
  A goblin (D:1)
  5 hobgoblins
  4 jackals
  A quokka (D:4)
  2 frilled lizards
  4 kobolds
  4 rats
  A spectral hobgoblin (D:1)
44 creatures vanquished.

Notes
Turn   | Place    | Note
-------+----------+-------------------------------------------
     0 | D:1      | redmage the Meteoran Earth Elementalist began the quest for
                  | the Orb.
     0 | D:1      | Reached XP level 1. HP: 14/14 MP: 5/5
    67 | D:1      | Reached XP level 2. HP: 20/20 MP: 6/6
    87 | D:1      | Reached skill level 4 in Earth Magic
   134 | D:1      | Reached XP level 3. HP: 26/26 MP: 6/8
   137 | D:1      | Learned a level 2 spell: Passwall
   141 | D:1      | Learned a level 3 spell: Stone Arrow
   248 | D:2      | Found Yskaipnu's Distillery.
   255 | D:1      | Reached skill level 1 in Conjurations
   283 | D:2      | Bought a potion of degeneration for 12 gold pieces
   303 | D:2      | Reached XP level 4. HP: 33/33 MP: 7/9
   392 | D:3      | Found a bloodstained altar of Trog.
   392 | D:3      | Found a hazy altar of Hepliaklqana.
   392 | D:3      | Found a basalt altar of Yredelemnul.
   392 | D:3      | Found a hazy altar of Hepliaklqana.
   392 | D:3      | Found a shimmering altar of Xom.
   392 | D:3      | Found a shimmering altar of Xom.
   412 | D:4      | Reached XP level 5. HP: 25/38 MP: 7/10
   476 | D:4      | Reached skill level 5 in Earth Magic
   495 | D:4      | Slain by an iguana

Illustrated notes

Levels and vault maps discovered:
D:1:      dpeg_arrival_ratfight, layout_basic, serial_shops,
          nicolae_shop_real_fake_doors,
          dreamdust_ecumenical_altar_drowned_temple
D:2:      layout_rooms, serial_shops, shop
D:3:      layout_basic, doesnt_xom_only_xom, nicolae_elyvilon_temple_path,
          nicolae_qazlal_style_of_elements, serial_rivers,
          chequers_serial_rivers_micro_b, chequers_serial_rivers_large_a,
          chequers_serial_rivers_micro_b, chequers_serial_rivers_large_b,
          chequers_serial_rivers_marsh, chequers_serial_rivers_micro_d
D:4:      layout_rooms

Skill      XL: |  1  2  3  4  5 |
---------------+----------------+-----
Earth Magic    | 4 5 |  5.0
Spellcasting   | 3 |  3.0
Transmutations | 2 |  2.2
Conjurations   | 1 2 |  2.4
Dodging        | |  2.4
Stealth        | |  1.4

Action                     |  1- 3 |  4- 6 || total
---------------------------+-------+-------++-------
   Cast: Sandblast         |    40 |    24 ||    64
         Passwall          |     2 |     1 ||     3
 Armour: Robe              |     6 |     5 ||    11
  Dodge: Dodged            |     7 |    19 ||    26
